 Dungeon Sprint DCSS version 0.31.0-1-g2c135a0 (webtiles) character file.

Game seed: 7418246033892704180

2689 PurpleRed the Severer (level 9, -4/145 HPs)
             Began as a Minotaur Berserker on Mar 8, 2024.
             Was an Elder of Trog.
             Slain by a yaktaur (17 damage)
             ... in the Dungeon (Sprint II: "The Violet Keep of Menkaure").
             The game lasted 00:03:32 (474 turns).

PurpleRed the Severer (Minotaur Berserker)           Turns: 474, Time: 00:03:34

Health: -4/145     AC:  2    Str: 27    XL:     9   Next: 38%
Magic:  8/8        EV: 12    Int:  4    God:    Trog [****..]
Gold:   708        SH:  0    Dex:  9    Spells: 8/8 levels left

rFire   . . .        i - +5 battleaxe "Guor" {heavy, rPois rC+}
rCold   + . .        (shield currently unavailable)
rNeg    . . .        b - +0 animal skin
rPois   +            (helmet restricted)
rElec   .            (no cloak)
rCorr   .            (no gloves)
SInv    .            (no boots)
Will    .....        (no amulet) Stlth
                     (no ring)
HPRegen 0.44/turn    (no ring)
MPRegen 0.11/turn

%: no teleportation, clarity
@: berserking (expiring), very quick
A: horns 2, retaliatory headbutt, clarity
a: Renounce Religion, Berserk, Trog's Hand, Brothers in Arms


You were in the Dungeon.
You worshipped Trog.
Trog was greatly pleased with you.
You visited 1 branch You collected 972 gold pieces.
You spent 264 gold pieces at shops.

Inventory:

Hand Weapons
 a - a +0 hand axe
 i - the +5 battleaxe "Guor" (weapon) {heavy, rPois rC+}
   (You bought it in a shop in the Dungeon)

   rC+:       It protects you from cold.
   rPois:     It protects you from poison
Armour
 b - a +0 animal skin (worn)
Scrolls
 h - a scroll of blinking
Potions
 c - a potion of curing
 d - a potion of heal wounds
 e - a potion of haste
 f - 2 potions of magic
 g - a potion of berserk rage


   Skills:
 + Level 15.4 Fighting
 * Level 20.6 Axes
 - Level 2.4 Armour
 - Level 2.1 Dodging


You had 8 spell levels left.
You didn't know any spells.
Your spell library was empty.

Dungeon Overview and Level Annotations

Branches:
Dungeon (1/1)

Altars:
Cheibriados
Dithmenos
Elyvilon
Fedhas
Gozag
Hepliaklqana
Kikubaaqudgha
Makhleb
Qazlal
Ru
Sif Muna
Trog
Wu Jian
Xom
Jiyva
Lugonu

Shops:
D ::?(!(:[[?=?[!=

Annotations:
D exclusion: oklob plant


Innate Abilities, Weirdness & Mutations

You have a pair of horns on your head.
You reflexively headbutt those who attack you in melee.
You possess an exceptional clarity of mind.


Message History

You slice the hornet like a ripe choko!!!!
You kill the hornet!
Trog accepts your kill.
Your Fighting skill increases to level 15!
Your Axes skill increases to level 20!
You slice the polar bear!! Your headbutt misses the polar bear.
The polar bear is heavily wounded.
You barely miss the polar bear.
The polar bear is heavily wounded.
The polar bear misses you. The polar bear closely misses you.
The polar bear claws you.
You closely miss the polar bear.
The polar bear is heavily wounded.
The polar bear bites you.
The polar bear claws you but does no damage.
The polar bear barely misses you.
You barely miss the polar bear.
The polar bear is heavily wounded.
The polar bear bites you!
* * * LOW HITPOINT WARNING * * *
The polar bear claws you.
* * * LOW HITPOINT WARNING * * *
The polar bear closely misses you.
You open the polar bear like a pillowcase!!!
You kill the polar bear!
Trog accepts your kill. The polar bear closely misses you.
The polar bear claws you.
* * * LOW HITPOINT WARNING * * *
The polar bear completely misses you. The yaktaur hits you.
* * * LOW HITPOINT WARNING * * *
Things that are here:
a polar bear corpse; a hornet corpse You slice the yaktaur!!
The yaktaur is heavily wounded.
You hit the polar bear. The polar bear bites you!!
* * * LOW HITPOINT WARNING * * *
The polar bear closely misses you. The polar bear claws you.
* * * LOW HITPOINT WARNING * * *
The yaktaur hits you!
You die...

.. ##.. .##.#### +.###
..# ...# .^.####
.####..## #..##$#
###.##..# +..#..#
##...#..# #..#ch#
.')#.'..####.^##@# !
##...#....###.^.##▓▓▓▓
###.##...§..~~~~~~~~~~~
#####~~.§§§.~#+########
#.#~~~§~~~..~#....._..#
†##~~~~~§~~.~#...._._.#
##~§~≈§≈~§~~~#..._._._#
~~~~~~§≈§§~~~#.._._._.#
+++#~≈§≈≈≈≈≈~#._._._._#


You could see a polar bear and a yaktaur.

Vanquished Creatures
  2 boulder beetles (D)
  A merfolk siren (D)
  2 polar bears (D)
  A hornet (D)
  4 neqoxecs (D)
  A crocodile (D)
  3 ribbon worms (D)
14 creatures vanquished.

Vanquished Creatures (others)
  Menkaure (D)
  A crocodile (D)
2 creatures vanquished.

Grand Total: 16 creatures vanquished

Notes
Turn   | Place    | Note
-------+----------+-------------------------------------------
     0 | D        | PurpleRed the Minotaur Berserker began the quest for the
                  | Orb.
     0 | D        | Reached XP level 1. HP: 19/19 MP: 0/0
     1 | D        | Noticed a neqoxec
     7 | D        | Gained mutation: You possess an exceptional clarity of
                  | mind. [a neqoxec]
     8 | D        | Killed a neqoxec
     9 | D        | Reached skill level 10 in Axes
     9 | D        | Reached XP level 2. HP: 24/34 MP: 1/1
     9 | D        | Reached XP level 3. HP: 27/39 MP: 2/2
     9 | D        | Reached XP level 4. HP: 32/47 MP: 3/3
    22 | D        | Killed Menkaure
    46 | D        | Killed a crocodile
    88 | D        | Noticed a neqoxec
    93 | D        | Killed a neqoxec
    94 | D        | Reached skill level 12 in Axes
    94 | D        | Reached XP level 5. HP: 57/57 MP: 4/4
    94 | D        | Noticed a neqoxec
    94 | D        | Noticed a neqoxec
    96 | D        | Found Izuorapn's Antique Armour Boutique.
    96 | D        | Found Degoesek's Book Shop.
    96 | D        | Found Baempica's Magic Scroll Shop.
    96 | D        | Found Rown's Antique Armour Shop.
   101 | D        | Killed a neqoxec
   101 | D        | Reached ** piety under Trog
   102 | D        | Reached skill level 10 in Fighting
   102 | D        | Reached skill level 13 in Axes
   102 | D        | Reached XP level 6. HP: 63/67 MP: 2/5
   102 | D        | Found Nonoares's Jewellery Shop.
   102 | D        | Found Fetiost's Magic Scroll Boutique.
   102 | D        | Found Ymi Wif's Jewellery Shop.
   105 | D        | Killed a neqoxec
   106 | D        | Reached skill level 14 in Axes
   185 | D        | Found Mefabargh's Antique Weapon Boutique.
   185 | D        | Found Toeqaog's Distillery.
   185 | D        | Found Kiegehie's Antique Weapon Boutique.
   186 | D        | Found Cishruo's Magic Scroll Shop.
   186 | D        | Found Ethryquh's Book Boutique.
   187 | D        | Found Gajuas's Distillery.
   187 | D        | Found Udatrorgh's Antique Armour Shop.
   187 | D        | Noticed a cane toad
   187 | D        | Noticed a cane toad
   188 | D        | Noticed an oklob plant
   188 | D        | Noticed a fire dragon
   189 | D        | Found Deinkos's Book Shoppe.
   217 | D        | Reached skill level 15 in Axes
   217 | D        | Reached XP level 7. HP: 74/74 MP: 6/6
   267 | D        | Noticed a merfolk siren
   272 | D        | Killed a merfolk siren
   272 | D        | Reached *** piety under Trog
   273 | D        | Reached skill level 16 in Axes
   296 | D        | Bought a brightly glowing battleaxe for 264 gold pieces
   296 | D        | Identified the +5 battleaxe "Guor" {heavy, rPois rC+} (You
                  | bought it in a shop in the Dungeon)
   318 | D        | Noticed a boulder beetle
   318 | D        | Noticed a boulder beetle
   323 | D        | Killed a boulder beetle
   324 | D        | Reached skill level 18 in Axes
   324 | D        | Reached XP level 8. HP: 88/88 MP: 7/7
   326 | D        | Killed a boulder beetle
   327 | D        | Reached skill level 19 in Axes
   327 | D        | Reached XP level 9. HP: 96/96 MP: 8/8
   379 | D        | Reached **** piety under Trog
   454 | D        | Found a blossoming altar of Fedhas.
   455 | D        | Found a white marble altar of Elyvilon.
   456 | D        | Found a shadowy altar of Dithmenos.
   456 | D        | Found a corrupted altar of Lugonu.
   456 | D        | Found an opulent altar of Gozag.
   456 | D        | Found a burning altar of Makhleb.
   457 | D        | Found a snail-covered altar of Cheibriados.
   457 | D        | Found an ancient bone altar of Kikubaaqudgha.
   457 | D        | Found a bloodstained altar of Trog.
   458 | D        | Found a viscous altar of Jiyva.
   458 | D        | Found a shimmering blue altar of Sif Muna.
   459 | D        | Found a hazy altar of Hepliaklqana.
   459 | D        | Found a sacrificial altar of Ru.
   460 | D        | Found a stormy altar of Qazlal.
   460 | D        | Found an ornate altar of the Wu Jian Council.
   460 | D        | Found a shimmering altar of Xom.
   460 | D        | Noticed a polar bear
   461 | D        | Noticed a yaktaur
   461 | D        | Noticed a polar bear
   464 | D        | Killed a polar bear
   465 | D        | Noticed a polar bear
   468 | D        | Reached skill level 15 in Fighting
   468 | D        | Reached skill level 20 in Axes
   472 | D        | Killed a polar bear
   474 | D        | Slain by a yaktaur

Illustrated notes

Levels and vault maps discovered:
D:        the_violet_keep_of_menkaure [sprint2_stairs_cluster_1,
          sprint2_shoproom, sprint2_temple, sprint2_basic_supplies,
          sprint2_obstacle_7, sprint2_obstacle_3, sprint2_obstacle_2,
          sprint2_obstacle_5, sprint2_obstacle_1, sprint2_timed_cluster_1,
          sprint2_smallroom_cluster_1, sprint2_smallroom_final_cluster_1,
          sprint2_transparent_cluster_1, sprint2_second_timed_cluster_1,
          sprint2_sniper_area_1, sprint2_heavy_combat_area_1,
          sprint2_mutation_trap_area_1, sprint2_forest_area_1,
          sprint2_light_combat_area_1, sprint2_behind_water_1,
          sprint2_near_end_vault_1]

Skill      XL: |  1  2  3  4  5  6  7  8  9 |
---------------+----------------------------+-----
Fighting       | 7 9 10 11 13 14 15 | 15.4
Axes           | 10 12 13 15 18 19 20 | 20.6
Armour         | |  2.4
Dodging        | |  2.1

Action                     |  1- 3 |  4- 6 |  7- 9 || total
---------------------------+-------+-------+-------++-------
  Melee: Hand axe          |     5 |    24 |     3 ||    32
         Headbutt          |     2 |     4 |     5 ||    11
         Battleaxe         |       |       |    19 ||    19
 Invoke: Berserk           |     1 |     2 |     4 ||     7
 Armour: Animal skin       |     1 |     7 |    27 ||    35
  Dodge: Dodged            |       |     4 |    15 ||    19
